 Dungeon Crawl Stone Soup version 0.24-a0-447-ge8da9206dc (webtiles) character file.

Game seed: 708174237771445457

2769 pk666 the Thaumaturge (level 9, 0/45 HPs)
             Began as a Deep Elf Wizard on June 25, 2019.
             Was a Follower of Vehumet.
             Slain by a phantom (7 damage)
             ... on level 7 of the Dungeon.
             The game lasted 00:22:34 (9545 turns).

pk666 the Thaumaturge (Deep Elf Wizard)             Turns: 9545, Time: 00:22:35

Health: 0/45       AC:  5    Str:  4    XL:     9   Next: 42%
Magic:  16/24      EV: 14    Int: 27    God:    Vehumet [*.....]
Gold:   264        SH:  0    Dex: 13    Spells: 18/27 levels left

rFire    + + .     SeeInvis .   g - +1 dagger
rCold    . . .     Gourm    .   (no shield)
rNeg     . . .     Faith    .   A - +2 robe {rF+}
rPois    .         Spirit   .   b - +0 hat
rElec    .         Reflect  .   (no cloak)
rCorr    .         Harm     .   B - +0 pair of gloves (curse)
MR       +....                  (no boots)
Stlth    ++........             l - amulet of magic regeneration
HPRegen  0.15/turn              y - ring of protection from magic
MPRegen  0.44/turn              a - ring of protection from fire

@: marked
A: no striking features
a: Renounce Religion


You were on level 7 of the Dungeon.
You worshipped Vehumet.
Vehumet was aware of your devotion.
You were not hungry.

You visited 2 branches of the dungeon, and saw 8 of its levels.

You collected 264 gold pieces.

Inventory:

Hand Weapons
 g - a +1 dagger (weapon)
Armour
 b - a +0 hat (worn)
 A - a +2 robe of fire resistance (worn)
 B - a cursed +0 pair of gloves (worn)
Magical Staves
 r - an uncursed staff of poison
Jewellery
 a - a ring of protection from fire (right hand)
 l - an amulet of magic regeneration (around neck)
 w - an uncursed ring of ice
 y - a ring of protection from magic (left hand)
 D - an uncursed amulet of guardian spirit {unknown}
Wands
 q - a wand of random effects (22)
 t - a wand of flame (23)
 x - a wand of clouds (12)
Scrolls
 e - a scroll of random uselessness {unknown}
 f - 11 scrolls of identify
 j - a scroll of remove curse
 n - 5 scrolls of teleportation {unknown}
 p - a scroll of enchant armour {unknown}
 v - 2 scrolls of noise {unknown}
Potions
 c - 2 potions of flight {unknown}
 h - 4 potions of haste
 i - a potion of degeneration {unknown}
 k - a potion of resistance {unknown}
 m - a potion of brilliance {unknown}
 o - a potion of ambrosia {unknown}
 s - 6 potions of curing
 u - 2 potions of lignification {unknown}
 z - a potion of heal wounds {unknown}
Comestibles
 d - 11 rations
 C - a chunk of flesh


   Skills:
 + Level 5.2 Dodging
 - Level 2.4 Stealth
 + Level 9.7 Spellcasting
 + Level 7.3 Conjurations
   Level 1.1 Summonings
 - Level 3.0 Translocations
 + Level 6.9 Fire Magic
 - Level 2.0 Air Magic
 - Level 3.0 Poison Magic


You had 18 spell levels left.
You knew the following spells:

 Your Spells              Type           Power        Failure   Level  Hunger
a - Magic Dart            Conj           ####         1%          1    None
b - Blink                 Tloc           N/A          1%          2    None
c - Conjure Flame         Conj/Fire      ######..     1%          3    None
d - Mephitic Cloud        Conj/Pois/Air  #####...     2%          3    None

Your spell library contained the following spells:

 Spells                   Type           Power        Failure   Level  Hunger
 Freeze                   Ice            ##..         4%          1    None
 Call Imp                 Summ           ###.....     4%          2    None
 Slow                     Hex            ##......     7%          2    None


Dungeon Overview and Level Annotations

Branches:
Dungeon (7/15)             Temple (1/1) D:4

Altars:
Ashenzari
Cheibriados
Dithmenos
Elyvilon
Fedhas
Gozag
Hepliaklqana
Kikubaaqudgha
Makhleb
Nemelex Xobeh
Okawaru
Qazlal
Ru
Sif Muna
Trog
Uskayaw
Vehumet
Wu Jian
Xom
Yredelemnul
Zin
The Shining One

Annotations:
D:3 Natasha


Message History

The orc wizard is engulfed in noxious fumes.
The orc wizard appears confused.
The orc wizard laughs at nothing.
The phantom completely misses you. The water moccasin misses you.
A sky beast appears from thin air!
Reactivating autopickup.
The orc priest calls upon Beogh to heal the orc wizard.
The orc wizard's wounds heal themselves!
The water moccasin bites you.
* * * LOW HITPOINT WARNING * * *
You see here a hound skeleton.
The phantom blinks!
The water moccasin bites you.
* * * LOW HITPOINT WARNING * * *
Casting: Mephitic Cloud (safe; 2% risk of failure)
Confirm with . or Enter, or press ? or * to list all spells.
You don't know that spell.
Casting: Mephitic Cloud (safe; 2% risk of failure)
Confirm with . or Enter, or press ? or * to list all spells.
You blink.
The phantom hits you!
You die...

######## ## ### ..#
..#############
.....##.......########
.....##...###§.÷.o..○#######
##...##...# ###S@....SoF...#
#...##...# #.W....#YoF..#
##...##...# #......#o....#
..........# #......#.o...#
######....# #......#..W{.#
#....# ###########'##
#####.#### #.. .F#...o#
#......# #####. #..O ....#
##......# #...## #.o o...#


You could see a phantom, a water moccasin, a sky beast, a bullfrog, an orc
priest, an orc wizard (confused), an adder and an orc.

Vanquished Creatures
  Pikel (D:6)
  A wraith (D:5)
  Duvessa (D:6)
  2 sky beasts
  4 slaves
  An ice beast (D:6)
  3 ogres
  2 centaurs
  3 bullfrogs (D:6)
  A water moccasin skeleton (D:4)
  A scorpion (D:6)
  Dowan (D:6)
  2 howler monkeys
  3 bullfrog zombies
  A quasit (D:7)
  2 crimson imps
  2 hounds (D:7)
  2 gnoll shamans
  A centaur skeleton (D:4)
  4 orc priests
  Terence (D:2)
  2 iguanas
  Natasha (D:3)
  5 worker ants
  16 gnolls
  A worker ant zombie (D:7)
  7 adders
  A shadow imp (D:4)
  An ooze (D:2)
  An adder zombie (D:7)
  3 adder skeletons
  2 worms (D:3)
  4 dart slugs
  5 leopard geckos
  16 orcs
  7 giant cockroaches
  6 goblins
  6 hobgoblins
  3 jackals (D:5)
  A quokka (D:4)
  A ball python (D:1)
  8 bats
  7 frilled lizards
  A jackal skeleton (D:7)
  4 kobolds
  2 quokka zombies
  6 rats
156 creatures vanquished.

Notes
Turn   | Place    | Note
-------+----------+-------------------------------------------
     0 | D:1      | pk666 the Deep Elf Wizard began the quest for the Orb.
     0 | D:1      | Reached XP level 1. HP: 10/10 MP: 7/7
   388 | D:1      | Reached XP level 2. HP: 15/15 MP: 7/9
  1020 | D:2      | Noticed Terence
  1223 | D:2      | Reached XP level 3. HP: 19/19 MP: 0/11
  1318 | D:2      | Learned a level 2 spell: Blink
  1322 | D:2      | Learned a level 3 spell: Conjure Flame
  1326 | D:2      | Learned a level 3 spell: Mephitic Cloud
  1402 | D:2      | Reached skill level 5 in Spellcasting
  2302 | D:3      | Found a glowing silver altar of Zin.
  2310 | D:3      | Reached skill level 1 in Fire Magic
  2310 | D:3      | Reached skill level 1 in Air Magic
  2310 | D:3      | Reached skill level 1 in Poison Magic
  2310 | D:3      | Reached XP level 4. HP: 24/24 MP: 8/13
  2683 | D:3      | Noticed Natasha
  2693 | D:3      | Killed Natasha
  2693 | D:3      | Reached XP level 5. HP: 5/28 MP: 3/14
  3630 | D:2      | Killed Terence
  3812 | D:3      | Noticed Natasha
  4441 | D:4      | Reached XP level 6. HP: 23/32 MP: 5/16
  4939 | D:4      | Reached skill level 6 in Spellcasting
  5132 | D:4      | Reached XP level 7. HP: 35/36 MP: 8/18
  5262 | D:4      | Found a staircase to the Ecumenical Temple.
  5398 | Temple   | Entered the Ecumenical Temple
  5521 | Temple   | Became a worshipper of Vehumet
  5666 | D:4      | Found an opulent altar of Gozag.
  6137 | D:5      | Entered Level 5 of the Dungeon
  6676 | D:5      | Reached skill level 7 in Spellcasting
  6750 | D:5      | Noticed a wraith
  6873 | D:5      | Killed a wraith
  6873 | D:5      | Reached skill level 5 in Conjurations
  6873 | D:5      | Reached XP level 8. HP: 41/41 MP: 9/21
  7342 | D:6      | Reached * piety under Vehumet
  7342 | D:6      | Offered knowledge of Freeze by Vehumet.
  7526 | D:6      | Noticed Pikel
  7554 | D:6      | Killed Pikel
  7554 | D:6      | Reached skill level 8 in Spellcasting
  7554 | D:6      | Reached skill level 5 in Fire Magic
  7815 | D:6      | Reached skill level 9 in Spellcasting
  7959 | D:6      | Reached XP level 9. HP: 45/45 MP: 13/24
  8025 | D:6      | Noticed Duvessa
  8026 | D:6      | Noticed Dowan
  8041 | D:6      | Killed Dowan
  8052 | D:6      | Killed Duvessa
  9224 | D:7      | Reached skill level 5 in Dodging
  9545 | D:7      | Slain by a phantom

Levels and vault maps discovered:
D:1:      giann_wishing_wells, layout_basic
D:2:      layout_loops_corners, serial_glass, glass_columns_a, glass_columns_a,
          uniq_terence
D:3:      layout_loops_ring, zin_academy, minmay_misc_feat_cross,
          kennysheep_generic_room_6, uniq_natasha
D:4:      layout_gridville, minmay_temple_entry_ruins, first_ration,
          chequers_arboretum, st_stairs_6, nicolae_gozag_seed_capital
D:5:      minmay_chambers_of_fours, layout_cave_pools
D:6:      layout_loops_ring, uniq_pikel, uniq_duvessa
D:7:      minmay_clustersquares, layout_basic, serial_curves, eino_curves_01,
          eino_curves_01
Temple:   kilobyte_greek_temple

Skill      XL: |  1  2  3  4  5  6  7  8  9 |
---------------+----------------------------+-----
Dodging        | 3 4 5 |  5.2
Conjurations   | 2 3 5 6 7 |  7.3
Spellcasting   | 5 6 7 9 |  9.7
Fire Magic     | 1 2 4 6 |  6.9
Air Magic      | 1 2 |  2.0
Poison Magic   | 1 2 3 |  3.0
Translocations | 2 3 |  3.0
Stealth        | |  2.4
Summonings     | |  1.1

Action                   |  1- 3 |  4- 6 |  7- 9 || total
-------------------------+-------+-------+-------++-------
Melee: Dagger            |       |     6 |     4 ||    10
 Cast: Magic Dart        |    98 |   154 |   358 ||   610
       Blink             |       |     5 |     3 ||     8
       Conjure Flame     |       |     9 |    27 ||    36
       Mephitic Cloud    |       |    10 |    17 ||    27
  Use: Scroll            |     4 |       |       ||     4
 Stab: Confused          |       |       |     1 ||     1
       Sleeping          |       |       |     1 ||     1
  Eat: Chunk             |     4 |     9 |    10 ||    23
       Ration            |       |       |     1 ||     1
Armor: Robe              |     2 |     2 |    10 ||    14
Dodge: Dodged            |     8 |    15 |    72 ||    95

Table legend:
 A = Non-vault XP
 B = Vault XP
 C = Vault XP percentage of total XP
 D = Non-vault monster count
 E = Vault monster count
 F = Vault count percentage of total count
                 A         B        C        D         E       F
            +---------+---------+-------+---------+---------+-------
      Total |    2581 |    1375 |  34.8 |     134 |      18 |  11.8
            +---------+---------+-------+---------+---------+-------
        D:1 |      20 |       0 |   0.0 |      12 |       0 |   0.0
        D:2 |      52 |      38 |  42.2 |      21 |       1 |   4.5
        D:3 |     212 |      37 |  14.9 |      33 |       2 |   5.7
        D:4 |     405 |      88 |  17.8 |      18 |       2 |  10.0
        D:5 |     375 |     342 |  47.7 |      12 |       6 |  33.3
        D:6 |    1054 |     814 |  43.6 |      28 |       3 |   9.7
        D:7 |     463 |      56 |  10.8 |      10 |       4 |  28.6
            +---------+---------+-------+---------+---------+-------
